[ AOE2 MATCH · #506186272 ]
UnrankedKhitans vs Ethiopians
Player's team · LOSS
[ REPLAY ANALYSIS · EXTRACTED FROM THE RECORDED GAME ]
Feudal
8:58
Castle
—
Imperial
—
| APM avg | 70.0 |
| APM peak | 97 |
| eAPM avg | 21.0 |
| Villagers / military | 28 / 3 |
Focus
⚔️ 28.9% · 🌾 71.1%
Scout Cavalry ×3
Feudal
9:46
Castle
—
Imperial
—
| APM avg | 62.2 |
| APM peak | 97 |
| eAPM avg | 26.2 |
| Villagers / military | 35 / 25 |
Focus
⚔️ 44.6% · 🌾 55.4%
Archer ×12 · Militia ×10 · Spearman ×3
Match map
Initial resources + every placement click. Lines = walls · curves = elevation contours. ◆ gold · ⬟ stone · ● berries · ✦ relic · ◌ wall gap
Your base· Open — 6t gap
TBD | EYVAZ's base· Open — unwalled flank
Smoothed initial terrain · ◌ = detected wall gap · hover for details
Inputs per minute
— Aldana - - TBD | EYVAZ
Build order — Aldana
54 actions detected in the replay
| 0:01 | Queue | Villager (Male) ×4 |
| 0:02 | Build | House |
| 0:04 | Build | House |
| 1:29 | Queue | Villager (Male) |
| 1:50 | Build | Lumber Camp |
| 1:59 | Queue | Villager (Male) |
| 2:20 | Queue | Villager (Male) |
| 2:26 | Queue | Villager (Male) |
| 3:02 | Queue | Villager (Male) |
| 3:35 | Queue | Villager (Male) |
| 3:49 | Build | House |
| 3:50 | Build | House |
| 3:58 | Queue | Villager (Male) |
| 4:31 | Queue | Villager (Male) |
| 4:40 | Build | Mill |
| 4:51 | Queue | Villager (Male) |
| 5:23 | Queue | Villager (Male) |
| 5:51 | Queue | Villager (Male) |
| 6:10 | Research | Loom |
| 6:48 | Research | Feudal Age |
| 7:33 | Build | Lumber Camp |
| 7:57 | Build | Barracks |
| 8:23 | Queue | Villager (Male) |
| 8:58 | Age | Feudal Age |
| 9:03 | Research | Double-Bit Axe |
| 9:12 | Build | Stable |
| 9:18 | Queue | Villager (Male) |
| 9:32 | Queue | Villager (Male) |
| 9:55 | Queue | Villager (Male) |
| 10:11 | Build | House |
| 10:13 | Build | Palisade Wall |
| 10:19 | Queue | Scout Cavalry |
| 10:42 | Queue | Villager (Male) |
| 10:50 | Build | Pasture |
| 10:59 | Queue | Villager (Male) |
| 11:06 | Build | Pasture |
| 11:17 | Queue | Scout Cavalry |
| 11:19 | Build | Pasture |
| 11:34 | Queue | Villager (Male) |
| 11:39 | Build | Blacksmith |
| 12:00 | Queue | Villager (Male) |
| 12:09 | Build | House |
| 12:31 | Research | Forging |
| 12:44 | Queue | Villager (Male) |
| 12:46 | Build | House |
| 13:02 | Queue | Villager (Male) |
| 13:19 | Build | House |
| 13:27 | Queue | Scout Cavalry |
| 13:40 | Queue | Villager (Male) |
| 13:43 | Build | Pasture |
| 14:04 | Queue | Villager (Male) |
| 14:11 | Build | Archery Range |
| 14:19 | Queue | Villager (Male) |
| 14:35 | Build | House |
Build order — TBD | EYVAZ
92 actions detected in the replay
| 0:01 | Queue | Villager (Male) |
| 0:01 | Queue | Villager (Male) |
| 0:01 | Queue | Villager (Male) |
| 0:02 | Queue | Villager (Male) |
| 0:03 | Build | House |
| 0:05 | Build | House |
| 0:48 | Build | House |
| 0:51 | Build | Lumber Camp |
| 1:16 | Research | Loom |
| 1:33 | Queue | Villager (Male) |
| 2:03 | Queue | Villager (Male) |
| 2:03 | Queue | Villager (Male) |
| 2:35 | Queue | Villager (Male) |
| 2:53 | Queue | Villager (Male) |
| 3:22 | Queue | Villager (Male) |
| 3:41 | Queue | Villager (Male) |
| 4:08 | Queue | Villager (Male) |
| 4:35 | Queue | Villager (Male) |
| 5:06 | Queue | Villager (Male) |
| 5:07 | Queue | Villager (Male) |
| 5:19 | Build | Barracks |
| 5:25 | Queue | Villager (Male) |
| 5:27 | Queue | Villager (Male) |
| 5:27 | Queue | Villager (Male) |
| 5:35 | Build | House |
| 6:18 | Build | House |
| 6:27 | Research | Loom |
| 6:31 | Queue | Villager (Male) |
| 6:31 | Research | Loom |
| 6:48 | Build | Mining Camp |
| 7:32 | Research | Feudal Age |
| 7:39 | Queue | Militia |
| 7:39 | Queue | Militia |
| 8:00 | Queue | Militia |
| 8:04 | Queue | Militia |
| 8:04 | Queue | Militia |
| 8:47 | Queue | Militia |
| 9:46 | Age | Feudal Age |
| 9:47 | Queue | Militia |
| 9:50 | Research | Man-at-Arms (upgrade) |
| 10:01 | Queue | Militia |
| 10:07 | Queue | Villager (Male) |
| 10:08 | Queue | Villager (Male) |
| 10:08 | Queue | Villager (Male) |
| 10:09 | Build | Archery Range |
| 10:22 | Queue | Villager (Male) |
| 10:22 | Queue | Villager (Male) |
| 10:25 | Queue | Villager (Male) |
| 10:25 | Queue | Villager (Male) |
| 10:31 | Build | House |
| 10:52 | Build | Mill |
| 10:55 | Build | Blacksmith |
| 11:01 | Queue | Archer |
| 11:02 | Queue | Archer |
| 11:02 | Queue | Archer |
| 11:05 | Queue | Archer |
| 11:05 | Queue | Archer |
| 11:09 | Build | House |
| 11:12 | Build | House |
| 11:16 | Queue | Villager (Male) |
| 11:16 | Queue | Villager (Male) |
| 11:31 | Research | Arson |
| 11:32 | Queue | Villager (Male) |
| 11:37 | Queue | Archer |
| 11:42 | Build | House |
| 11:59 | Build | Blacksmith |
| 12:10 | Queue | Archer |
| 12:10 | Queue | Archer |
| 12:25 | Queue | Villager (Male) |
| 12:25 | Queue | Villager (Male) |
| 12:39 | Queue | Spearman |
| 12:43 | Queue | Villager (Male) |
| 12:47 | Build | House |
| 12:50 | Queue | Spearman |
| 13:12 | Queue | Militia |
| 13:20 | Research | Fletching |
| 13:20 | Research | Fletching |
| 14:03 | Queue | Militia |
| 14:03 | Queue | Villager (Male) |
| 14:04 | Queue | Spearman |
| 14:10 | Build | Market |
| 14:15 | Queue | Archer |
| 14:16 | Queue | Archer |
| 14:18 | Queue | Archer |
| 14:18 | Queue | Archer |
| 14:26 | Build | House |
| 14:28 | Build | Palisade Wall |
| 14:37 | Queue | Villager (Male) |
| 14:37 | Queue | Villager (Male) |
| 14:38 | Build | Farm |
| 14:42 | Build | Farm |
| 14:42 | Build | Farm |
Match timeline
| 5:19 | TBD | EYVAZ · first_building Barracks |
| 7:57 | Aldana · first_building Barracks |
| 8:58 | Aldana · age_up feudal |
| 9:12 | Aldana · first_building Stable |
| 9:46 | TBD | EYVAZ · age_up feudal |
| 10:09 | TBD | EYVAZ · first_building Archery Range |
| 10:13 | Aldana · wall_segment Palisade Wall x1 |
| 14:11 | Aldana · first_building Archery Range |
| 14:28 | TBD | EYVAZ · wall_segment Palisade Wall x8 |
| 14:45 | Aldana · resign |
[ AI ANALYSIS · 1 CREDIT ]
What really happened in this match?
Wolo.gg analyzes every decision: build order, eco, micro, common mistakes by bracket. Personalized analysis on WhatsApp or Discord in 30 seconds.
Civ guide
Khitans
Perfil
Jugador #10908229